 Dungeon Crawl Stone Soup version 0.28.0-45-g0d030f2227 (webtiles) character file.

Game seed: 8113297026745766694

1692 Bamboolord the Slasher (level 9, -21/68 HPs)
             Began as a Formicid Abyssal Knight on Apr 7, 2022.
             Was a Priest of Lugonu.
             Demolished by a cyclops (27 damage)
             ... on level 7 of the Dungeon.
             The game lasted 00:11:11 (7751 turns).

Bamboolord the Slasher (Formicid Abyssal Knight)    Turns: 7751, Time: 00:11:12

Health: -21/68     AC: 13    Str: 21    XL:     9   Next: 22%
Magic:  12/12      EV:  8    Int: 11    God:    Lugonu [***...]
Gold:   375        SH:  0    Dex: 11    Spells: 8/8 levels left

rFire   . . .      SeeInvis +   A - +0 long sword
rCold   + . .      Faith    .   (no shield)
rNeg    + . .      Spirit   .   e - +1 chain mail {rC+}
rPois   +          Reflect  .   (helmet unavailable)
rElec   .          Harm     .   (no cloak)
rCorr   .          Rampage  .   h - +0 pair of gloves
Will    .....                   s - +0 pair of boots
Stlth   ..........              i - amulet of regeneration
HPRegen 1.01/turn               k - ring of positive energy
MPRegen 0.13/turn               w - ring of poison resistance

@: no status effects
A: permanent stasis, dig shafts and tunnels, antennae 3, four strong arms
a: Dig, Shaft Self, Renounce Religion, Depart the Abyss, Bend Space, Banish


You were on level 7 of the Dungeon.
You worshipped Lugonu.
Lugonu was most pleased with you.
You visited 1 branch of the dungeon, and saw 7 of its levels.
You visited the Abyss 1 time.

You collected 375 gold pieces.

Inventory:

Hand Weapons
 a - a +1 falchion
 A - a +0 long sword (weapon)
Armour
 e - a +1 chain mail of cold resistance (worn)
 h - a +0 pair of gloves (worn)
 s - a +0 pair of boots (worn)
Jewellery
 i - an amulet of regeneration (around neck)
 k - a ring of positive energy (left hand)
 r - a ring of flight
 w - a ring of poison resistance (right hand)
Wands
 t - a wand of iceblast (9)
 B - a wand of polymorph (8)
Scrolls
 c - a scroll of immolation
 d - a scroll of vulnerability {unknown}
 f - a scroll of blinking {unknown}
 l - 2 scrolls of amnesia
 m - a scroll of enchant weapon {unknown}
 o - a scroll of fear {unknown}
 p - 2 scrolls of teleportation
 q - 2 scrolls of noise
 y - 2 scrolls of magic mapping {unknown}
Potions
 b - a potion of might {unknown}
 g - a potion of flight {unknown}
 j - a potion of attraction
 n - a potion of invisibility {unknown}
 u - 2 potions of brilliance {unknown}
 v - a potion of mutation {unknown}
 x - a potion of degeneration
 z - a potion of cancellation {unknown}


   Skills:
 * Level 5.5 Fighting
 * Level 7.0 Long Blades
 * Level 6.2 Armour
 + Level 1.3 Dodging
 * Level 4.9 Shields
 * Level 4.6 Invocations


You had 8 spell levels left.
You didn't know any spells.
Your spell library contained the following spells:

 Spells                   Type           Power      Damage    Failure   Level
 Beastly Appendage        Tmut           0%         N/A       96%         1
 Sublimation of Blood     Necr           0%         N/A       99%         2
 Wereblood                Tmut           0%         N/A       99%         2
 Spider Form              Tmut/Pois      0%         N/A       100%        3
 Tukima's Dance           Hex            0%         N/A       100%        3
 Anguish                  Hex/Necr       0%         N/A       100%        4
 Summon Forest            Summ/Tloc      0%         N/A       100%        5
 Summon Mana Viper        Hex/Summ       0%         N/A       100%        5
 Summon Cactus Giant      Summ           0%         N/A       100%        6
 Enfeeble                 Hex            0%         N/A       100%        7
 Malign Gateway           Summ/Tloc      0%         N/A       100%        7
 Summon Hydra             Summ           0%         N/A       100%        7
 Summon Horrible Things   Summ           0%         N/A       100%        8


Dungeon Overview and Level Annotations

Branches:
Dungeon (7/15)
 Temple: D:4-7

Altars:
Ashenzari
Makhleb

Annotations:
D:5 3 runed translucent doors, Amplified's ghost, weakling HODe; Sobaton's ghost, novice MiFi; spacerossing's ghost, novice MiBe


Innate Abilities, Weirdness & Mutations

You cannot be hasted, slowed, berserked, paralysed or teleported.
You can dig through walls and to a lower floor.
You have a pair of large antennae on your head. (SInv)
Your four strong arms can wield two-handed weapons with a shield.


Message History

l - 2 scrolls of amnesia (gained 1)
You open the door.
There is an open door here.
You open the door.
There is an open door here.
You sense a monster nearby.
B - a wand of polymorph (8) No target in view!
A cyclops comes into view.
The cyclops hits you but does no damage.
You hit the cyclops but do no damage. The cyclops closely misses you.
You hit the cyclops.
The cyclops is lightly wounded.
You hit the cyclops.
The cyclops is lightly wounded.
The cyclops hits you!!
You hit the cyclops.
The cyclops is moderately wounded.
The cyclops closely misses you.
You barely miss the cyclops.
The cyclops is moderately wounded.
You hit the cyclops.
The cyclops is moderately wounded.
The cyclops hits you!
You hit the cyclops.
The cyclops is moderately wounded.
The cyclops barely misses you.
You hit the cyclops.
The cyclops is heavily wounded.
The cyclops hits you!
You slash the cyclops!
The cyclops is severely wounded.
You hit the cyclops.
The cyclops is severely wounded.
The cyclops hits you!!
* * * LOW HITPOINT WARNING * * *
You hit the cyclops but do no damage.
The cyclops is severely wounded.
The cyclops hits you!!
You die...

##### #...# . #...#
...##...# #######
........####### #...... .
#.C@......# #......
....#####......# #......
...............####......
....######..............<
# .### #...####+####^...
...##...#.......###.#
######.#...##.......###.#
...........+.........'..#
#####...##.........##.#


You could see a cyclops.

Vanquished Creatures
  A water moccasin (D:5)
  An orc warrior (D:5)
  A black bear (D:4)
  A necrophage (D:5)
  2 ogres
  2 phantoms
  A bullfrog (D:6)
  A water moccasin zombie (D:5)
  A water moccasin skeleton (D:5)
  2 howler monkeys (D:5)
  A bullfrog zombie (D:6)
  2 hounds (D:5)
  2 orc priests (D:6)
  Ijyb (D:4)
  2 iguanas
  11 orc wizards
  A scorpion zombie (D:5)
  2 killer bee zombies
  A hound skeleton (D:4)
  A howler monkey skeleton (D:5)
  8 adders
  A shadow imp (D:5)
  3 worms
  A dart slug (D:3)
  14 orcs
  7 endoplasms
  6 giant cockroaches
  5 goblins
  3 hobgoblins
  4 jackals (D:1)
  4 quokkas
  4 ball pythons
  A bat (D:1)
  3 frilled lizards
  6 kobolds
  7 rats
114 creatures vanquished.

Notes
Turn   | Place    | Note
-------+----------+-------------------------------------------
     0 | Abyss:1  | Bamboolord the Formicid Abyssal Knight began the quest for
                  | the Orb.
     0 | Abyss:1  | Reached XP level 1. HP: 18/18 MP: 2/2
     7 | Abyss:1  | Found a corrupted altar of Lugonu.
    93 | Abyss:1  | Noticed a small abomination
   109 | Abyss:1  | Noticed a large abomination
   110 | D:1      | Escaped the Abyss
   280 | D:1      | Reached XP level 2. HP: 25/25 MP: 3/3
   301 | D:1      | Reached * piety under Lugonu
   568 | D:1      | Reached XP level 3. HP: 17/30 MP: 4/4
   863 | D:1      | Found a faded altar of an unknown god.
  1330 | D:2      | Reached skill level 1 in Shields
  1818 | D:2      | Reached XP level 4. HP: 37/37 MP: 5/5
  2283 | D:3      | Reached skill level 3 in Long Blades
  2298 | D:3      | Reached XP level 5. HP: 33/42 MP: 6/6
  2405 | D:3      | Reached ** piety under Lugonu
  2771 | D:3      | Found a burning altar of Makhleb.
  2854 | D:3      | Identified the +6 trident of the Head {elec, rCorr}
  3120 | D:4      | Noticed a black bear
  3139 | D:4      | Killed a black bear
  3140 | D:4      | Reached skill level 4 in Long Blades
  3140 | D:4      | Reached XP level 6. HP: 4/49 MP: 8/8
  3694 | D:4      | Noticed Ijyb
  3718 | D:4      | Killed Ijyb
  3885 | D:4      | Found a broken altar of Ashenzari.
  4314 | D:5      | Entered Level 5 of the Dungeon
  4355 | D:5      | Reached skill level 1 in Dodging
  4355 | D:5      | Found a runed translucent gate.
  4356 | D:5      | Found a runed translucent gate.
  4356 | D:5      | Found a runed translucent gate.
  4363 | D:5      | Noticed Amplified's ghost (weakling HODe)
  4363 | D:5      | Noticed spacerossing's ghost (novice MiBe)
  4363 | D:5      | Noticed Sobaton's ghost (novice MiFi)
  4499 | D:5      | Reached XP level 7. HP: 48/55 MP: 9/9
  4672 | D:5      | Reached skill level 5 in Long Blades
  5138 | D:5      | Noticed a water moccasin
  5179 | D:5      | Killed a water moccasin
  5180 | D:5      | Reached XP level 8. HP: 25/61 MP: 10/10
  5972 | D:5      | Reached skill level 5 in Fighting
  5979 | D:5      | Reached skill level 5 in Armour
  6314 | D:5      | Reached skill level 6 in Long Blades
  6905 | D:6      | Reached *** piety under Lugonu
  6906 | D:6      | Reached XP level 9. HP: 64/68 MP: 12/12
  7382 | D:6      | Reached skill level 7 in Long Blades
  7684 | D:7      | Identified the +2 war axe of Quantum Leap {freeze, Will+
                  | Stlth+}
  7739 | D:7      | Noticed a cyclops
  7751 | D:7      | Demolished by a cyclops

Illustrated notes

Levels and vault maps discovered:
D:1:      lightli_iron_boxes, layout_loops_cross, shapermc_ecumenical_altar_gd
D:2:      layout_basic, corexii_hall_statues_l, minmay_door_square
D:3:      layout_basic, mainiacjoe_overflow_surrounded_room
D:4:      layout_rooms, nicolae_ashenzari_skybound, serial_co_window_serial,
          co_window_paths_b, co_window_paths_a, co_window_of_opportunity_a,
          co_window_paths_a, co_window_corner_a, co_window_corner_a,
          co_window_paths_a, co_window_broadway_a, co_window_2corner,
          co_window_2corner, co_window_2corner, co_window_paths_e,
          glass_columns_b, glass_columns_a, glass_columns_a, glass_columns_a,
          uniq_ijyb
D:5:      layout_loops_corners, gammafunk_ghost_cemetery, st_stairs_14,
          grunt_ministairs_2, serial_bayou_pond_d,
          minmay_a_box_with_orc_wizards_in_it
D:6:      layout_basic, serial_curves, eino_curves_04, eino_curves_01,
          eino_curves_02
D:7:      nicolae_cairo_tiling_very_big, layout_rooms,
          lemuel_zombie_altar_yredelemnul, minmay_temple_entry_overgrown

Skill      XL: |  1  2  3  4  5  6  7  8  9 |
---------------+----------------------------+-----
Fighting       | 4 5 |  5.5
Shields        | 1 2 3 4 |  4.9
Long Blades    | 3 4 5 6 7 |  7.0
Armour         | 3 4 5 6 |  6.2
Invocations    | 3 4 |  4.6
Dodging        | 1 |  1.3

Action                   |  1- 3 |  4- 6 |  7- 9 || total
-------------------------+-------+-------+-------++-------
Melee: Falchion          |    95 |   202 |   235 ||   532
       Punch             |     3 |     2 |       ||     5
       Long sword        |       |       |   117 ||   117
Invok: Depart the Abyss  |     1 |       |       ||     1
  Use: Scroll            |       |     1 |     4 ||     5
       Potion            |       |       |     5 ||     5
Armor: Leather armour    |     8 |       |       ||     8
       Chain mail        |    30 |   141 |   181 ||   352
Dodge: Dodged            |    46 |    75 |   114 ||   235
